 Dungeon Crawl Stone Soup version 0.29-a0-972-g43c84944fd (webtiles) character file.

Game seed: 16533547720742598963

80 2tc the Insei (level 4, -3/35 HPs)
             Began as a Meteoran Transmuter on July 31, 2022.
             Slain by a crimson imp
             ... wielding a +0 dagger of chaos
              (4 damage)
             ... on level 3 of the Dungeon.
             The game lasted 00:03:34 (835 turns).

2tc the Insei (Meteoran Transmuter)                  Turns: 835, Time: 00:03:34

Health: -3/35      AC:  2    Str: 13    XL:     4   Next: 98%
Magic:  8/9        EV: 12    Int: 14    God:
Gold:   34         SH:  0    Dex: 15    Spells: 7/8 levels left

rFire   . . .      SeeInvis .     - Unarmed
rCold   . . .      Faith    .   (no shield)
rNeg    . . .      Spirit   .   a - +0 robe
rPois   .          Reflect  .   (no helmet)
rElec   .          Harm     .   (no cloak)
rCorr   .          Rampage  .   (no gloves)
Will    .....                   (no boots)
Stlth   +.........              (no amulet)
HPRegen 0.11/turn               (no ring)
MPRegen 0.11/turn               (no ring)

@: mighty, glowing
A: sense surroundings 1, otherworldly, glowing, explore regen
a: no special abilities


You were on level 3 of the Dungeon.
You visited 1 branch of the dungeon, and saw 4 of its levels.

You collected 34 gold pieces.

Inventory:

Armour
 a - a +0 robe (worn)
Jewellery
 e - a ring of fire
Scrolls
 d - a scroll of enchant weapon
Potions
 b - a potion of lignification
 f - a potion of mutation {unknown}
 g - 2 potions of might


   Skills:
 - Level 1.1 Fighting
 - Level 2.4 Dodging
 * Level 5.8 Unarmed Combat
 - Level 2.6 Spellcasting
 + Level 3.0 Transmutations


You had 7 spell levels left.
You knew the following spells:

 Your Spells              Type           Power      Damage    Failure   Level
a - Beastly Appendage     Tmut           20%        N/A       6%          1

Your spell library contained the following spells:

 Spells                   Type           Power      Damage    Failure   Level
 Wereblood                Tmut           10%        N/A       10%         2
 Spider Form              Tmut/Pois      6%         N/A       34%         3
 Ice Form                 Ice/Tmut       6%         N/A       75%         4
 Summon Forest            Summ/Tloc      0%         N/A       99%         5
 Summon Mana Viper        Hex/Summ       1%         N/A       99%         5
 Summon Cactus Giant      Summ           0%         N/A       100%        6


Dungeon Overview and Level Annotations

Branches:
Dungeon (4/15) Zot: 1574
 Temple: D:4-7

Altars:
Okawaru
Xom


Innate Abilities, Weirdness & Mutations

You passively map a small area around you.
You are easily found by Zot.
You glow in the dark.
You regain HP and MP as you explore.


Message History

The crimson imp attacks as you move away!
The crimson imp barely misses you.
You feel very sick. The crimson imp barely misses you.
You open the door.
You feel sick. The crimson imp hits you. The crimson imp closely misses you.
The crimson imp blinks!
Found an escape hatch in the ceiling.
You feel sick.
The crimson imp blinks!
There is an open door here.
You feel sick.
The teleport trap disappears.
The crimson imp disappears!
The crimson imp attacks as you move away!
The crimson imp hits you.
You feel sick.
The crimson imp grinds its teeth.
You feel sick.
You completely miss the crimson imp.
You feel sick.
You barely miss the crimson imp.
You feel sick. The crimson imp misses you.
You punch the crimson imp! You punch the crimson imp.
You kill the crimson imp!
You feel sick.
You are no longer poisoned.
Your life force feels restored.
Your Transmutations skill increases to level 3!
You punch the crimson imp!
The crimson imp is severely wounded.
The crimson imp barely misses you.
You closely miss the crimson imp.
The crimson imp is heavily wounded.
The crimson imp hits you with a +0 dagger of chaos.
* * * LOW HITPOINT WARNING * * *
The crimson imp hits you.
* * * LOW HITPOINT WARNING * * *
You barely miss the crimson imp.
The crimson imp is heavily wounded.
The crimson imp hits you with a +0 dagger of chaos.
* * * LOW HITPOINT WARNING * * *
You feel your power leaking away. The crimson imp barely misses you.
You miss the crimson imp.
The crimson imp is heavily wounded.
The crimson imp hits you with a +0 dagger of chaos.
You die...

* ### , *, ..# * ####
* # #.# ,..# #. *
#.#####** #.## , ..
#.#.#.# ####.#. ,
*#<#.###.#.#^# #......
*
#...5@5.#...####.##.##
*
###.###.'._.'.##.##...
#. , ###...#.##.##..#
# , #ยง#^#......... ,,
#.#.###.###... , #####
#.# ###. , , ,, ,,
#.###### , * * ,
#.##.## .#####.#...##


You could see 2 crimson imps.

Vanquished Creatures
  A crimson imp (D:3)
  An adder (D:3)
  5 orcs (D:3)
  6 ball pythons
  4 endoplasms
  A giant cockroach (D:1)
  2 goblins
  A hobgoblin (D:1)
  3 kobolds
  2 quokkas
  2 bats (D:1)
  2 frilled lizards (D:3)
  A rat (D:2)
31 creatures vanquished.

Notes
Turn   | Place    | Note
-------+----------+-------------------------------------------
     0 | D:1      | 2tc the Meteoran Transmuter began the quest for the Orb.
     0 | D:1      | Reached XP level 1. HP: 16/16 MP: 5/5
   176 | D:1      | Reached skill level 4 in Unarmed Combat
   176 | D:1      | Reached XP level 2. HP: 23/23 MP: 6/6
   503 | D:1      | Glimpsed the power of Zot.
   537 | D:2      | Reached XP level 3. HP: 22/28 MP: 8/8
   545 | D:2      | You fall into a shaft and drop 2 floors!
   547 | D:4      | Found an iron altar of Okawaru.
   604 | D:3      | Reached skill level 5 in Unarmed Combat
   712 | D:3      | Reached XP level 4. HP: 29/35 MP: 9/9
   819 | D:3      | Found a shimmering altar of Xom.
   834 | D:3      | HP: 1/35 [crimson imp/+0 dagger of chaos (2)]
   835 | D:3      | Slain by a crimson imp

Illustrated notes

Levels and vault maps discovered:
D:1:      minmay_arrival_glassed_features, layout_basic,
          shapermc_ecumenical_altar_flowoftime
D:2:      layout_basic, nicolae_shop_unique_rings, uniq_jessica, uniq_terence
D:3:      layout_loops_corners, mainiacjoe_overflow_alcove_4, led_xom_imps,
          lemuel_doored_altar, mainiacjoe_overflow_boulevard,
          vehumet_altar_wand_db, hangedman_abyss_or_decor_stabs,
          uniq_crazy_yiuf_cottage
D:4:      layout_rooms, nicolae_ru_sacrificial_ziggurat, lemuel_tele_altar,
          okawaru_trees_1, minmay_temple_entry_large_hall,
          cheibrodos_sewer_entry_bend

Skill      XL: |  1  2  3  4 |
---------------+-------------+-----
Unarmed Combat | 4 5 |  5.8
Transmutations | 3 |  3.0
Fighting       | |  1.1
Dodging        | |  2.4
Spellcasting   | |  2.6

Action                   |  1- 3 |  4- 6 || total
-------------------------+-------+-------++-------
Melee: Unarmed           |    98 |    11 ||   109
       Punch             |     4 |     1 ||     5
  Use: Scroll            |     2 |       ||     2
Armor: Robe              |    17 |       ||    17
Dodge: Dodged            |    64 |     7 ||    71

Table legend: (Time is in decaauts)
 A = Elapsed time spent in this place.
 B = Non-inter-level travel time spent in this place.
 C = Inter-level travel time spent in this place.
 D = Time resting spent in this place.
 E = Time spent auto-exploring this place.
 F = Levels seen in this place.
 G = Mean time per level.
                   A        B        C        D        E       F      G
               +--------+--------+--------+--------+--------+-----+--------+
         Total |    824 |    802 |     22 |    200 |    333 |   4 |  206.0 |
       Dungeon |    824 |    802 |     22 |    200 |    333 |   4 |  206.0 |
               +--------+--------+--------+--------+--------+-----+--------+

Top non-repeatable levels by time:
     D:1: 527 daAuts
     D:3: 280 daAuts
     D:2: 13 daAuts
     D:4: 3 daAuts
